 Dungeon Crawl Stone Soup version 0.29-a0-284-gf9362112df (webtiles) character file.

Game seed: 951010770321872457

252 sokol815 the Chopper (level 5, -1/41 HPs)
             Began as a Demonspawn Monk on Mar 24, 2022.
             Slain by an orc
             ... wielding a +0 mace
              (5 damage)
             ... on level 4 of the Dungeon.
             The game lasted 00:07:11 (3289 turns).

sokol815 the Chopper (Demonspawn Monk)              Turns: 3289, Time: 00:07:13

Health: -1/41      AC:  6    Str: 11    XL:     5   Next: 89%
Magic:  0/5        EV:  2    Int: 13    God:
Gold:   172        SH:  0    Dex: 16    Spells: 2/4 levels left

rFire   . . .      SeeInvis +   a - +0 hand axe
rCold   . . .      Faith    .   (no shield)
rNeg    . . .      Spirit   +   v - +0 plate armour
rPois   .          Reflect  .   (no helmet)
rElec   .          Harm     .   (no cloak)
rCorr   .          Rampage  .   (no gloves)
Will    .....                   w - +2 pair of boots
Stlth   ..........              q - amulet of guardian spirit
HPRegen 0.13/turn               V - ring of see invisible {sInv, !d}
MPRegen 0.09/turn               (no ring)

@: corroded
A: sharp scales 1, weakness stinger 1
a: no special abilities


You were on level 4 of the Dungeon.
You visited 1 branch of the dungeon, and saw 4 of its levels.

You collected 172 gold pieces.

Inventory:

Hand Weapons
 a - a +0 hand axe (weapon)
 i - a +0 dagger
   (You took it off a kobold on level 1 of the Dungeon)
Missiles
 s - 93 stones
Armour
 b - a +0 robe
 d - a +0 ring mail
   (You found it on level 1 of the Dungeon)
 l - a +0 leather armour
   (You found it on level 1 of the Dungeon)
 p - an orb of energy
   (You found it on level 2 of the Dungeon)
 v - a +0 plate armour (worn)
   (You found it on level 3 of the Dungeon)
 w - a +2 pair of boots (worn)
   (You found it on level 3 of the Dungeon)
Magical Staves
 t - a staff of air {rElec}
   (You found it on level 2 of the Dungeon)
 x - a staff of cold {rC+}
   (You found it on level 3 of the Dungeon)
Jewellery
 c - a ring of ice {rC+, rF-}
   (You found it on level 2 of the Dungeon)
 q - an amulet of guardian spirit (around neck)
   (You found it on level 2 of the Dungeon)
 V - a ring of see invisible (left hand) {sInv, !d}
   (You found it on level 2 of the Dungeon)
Scrolls
 e - a scroll of noise {unknown}
 f - 2 scrolls of identify {@r1}
 g - a scroll of teleportation {unknown}
 h - a scroll of brand weapon {unknown}
 u - a scroll of fear {unknown}
 y - a scroll of immolation {unknown}
Potions
 j - a potion of heal wounds {unknown}
 k - a potion of berserk rage {unknown}
 n - a potion of attraction {unknown}
 o - a potion of brilliance {unknown}
 r - a potion of lignification {unknown}
 G - a potion of ambrosia {!q}
 J - 2 potions of curing {@q1}


   Skills:
 - Level 3.0 Fighting
 + Level 5.5 Axes
 - Level 2.6 Dodging
 - Level 1.7 Stealth
 * Level 2.1 Air Magic


You had 2 spell levels left.
You knew the following spells:

 Your Spells              Type           Power      Damage    Failure   Level
a - Static Discharge      Conj/Air       2%         N/A       100%        2

Your spell library contained the following spells:

 Spells                   Type           Power      Damage    Failure   Level
 Lightning Bolt           Conj/Air       1%         1d12      100%        5
 Maxwell's Capacitive Co  Air            2%         ∞         100%        8


Dungeon Overview and Level Annotations

Branches:
Dungeon (4/15)
 Temple: D:4-7

Altars:

Shops:
D:1 *((:

Annotations:
D:3 3 runed translucent doors, Sigmund; pickled's ghost, amateur KoCK


Innate Abilities, Weirdness & Mutations

You are partially covered in razor-sharp scales. (AC +1, Slay +1)
You have a small tail.


Message History

The kobold is wielding a +0 short sword of draining.
Sigmund shouts!
The kobold shouts!
The kobold throws a stone.
The stone hits you but does no damage.
Found a stone staircase leading down.
Health restored: 41 You close the door.
Sigmund gestures at you while chanting. The magic dart hits you.
You take 4 damage, and have 37/41 hp.
You now have 4/5 mp.
Sigmund casts a spell at you. The magic dart hits you.
You take 6 damage, and have 31/41 hp.
The kobold throws a stone.
The stone hits you but does no damage.
Sigmund points at you and mumbles some strange words.
The puff of flame hits you.
Things that are here:
a +0 hand axe; a +0 scale mail You take 1 damage, and have 30/41 hp.
There is an open door here.
MP restored: 5 You close the door.
There is an open door here.
There is a stone staircase leading up here.
You climb upwards.
There is a stone staircase leading down here.
You open the door.
There is an open door here.
There is a stone staircase leading up here.
There is an open door here.
There is a stone staircase leading down here.
You regained 3 hp, and now have 38/41 hp.
You climb downwards.
Level annotation: 3 runed translucent doors, Sigmund; pickled's ghost, amateur KoCK
There is a stone staircase leading up here.
You start resting.
Health restored: 41
(D) Dungeon
Where to? (Enter - D:2 @ (x,y), ? - help)
Items here: )) ÷÷.
Items here: ))) [ ÷.
There is a stone staircase leading down here.
You climb downwards.
Found a stone staircase leading up.
There is a stone staircase leading up here.
There is a stone staircase leading up here.
An adder comes into view.
A jelly comes into view.
The jelly quivers.
The adder hisses angrily.
An orc comes into view. It is wielding a +0 mace.
The adder bites you but does no damage.
You hit the adder. You punch the adder.
The adder bites you but does no damage. x2
You slash the adder!
You kill the adder!
You hit the jelly.
Your hands burn!
The jelly hits you but does no damage.
You take 2 damage, and have 39/41 hp.
You slash the jelly! The acid corrodes you!
Your hands burn!
You closely miss the orc. The jelly hits you but does no damage.
The orc hits you but does no damage.
You take 4 damage, and have 35/41 hp.
You hit the jelly but do no damage.
Your hands burn!
You hit the orc but do no damage. The orc hits you but does no damage.
The jelly hits you but does no damage.
You take 3 damage, and have 32/41 hp.
You hit the jelly.
Your hands burn!
You closely miss the orc. The jelly barely misses you.
The orc completely misses you.
You take 2 damage, and have 30/41 hp.
You hit the jelly.
Your hands burn!
You hit the orc but do no damage. The orc hits you with a +0 mace.
The jelly hits you. The acid corrodes you!
You are splashed with acid!
You take 17 damage, and have 13/41 hp.
MASSIVE DAMAGE!!
You now have 4/5 mp.
You hit the jelly.
You kill the jelly!
You hit the orc but do no damage. The orc hits you with a +0 mace!
* * * LOW HITPOINT WARNING * * *
Your Air Magic skill increases to level 2!
You take 5 damage, and have 8/41 hp.
You now have 2/5 mp.
You hit the orc but do no damage. The orc hits you with a +0 mace.
You now have 1/5 mp.
You hit the orc but do no damage. You tail-slap the orc.
The orc hits you but does no damage.
You hit the orc but do no damage.
Your tail-slap misses the orc.
The orc hits you but does no damage.
You hit the orc but do no damage. You tail-slap the orc.
The orc completely misses you.
You hit the orc but do no damage. The orc hits you with a +0 mace.
* * * LOW HITPOINT WARNING * * *
You take 1 damage, and have 8/41 hp.
You now have 0/5 mp.
You closely miss the orc.
You tail-slap the orc, but do no damage.
The orc hits you but does no damage.
You hit the orc but do no damage.
You tail-slap the orc, but do no damage.
The orc hits you with a +0 mace.
* * * LOW HITPOINT WARNING * * *
You take 4 damage, and have 4/41 hp.
You hit the orc but do no damage. The orc hits you with a +0 mace.
You die...

### ...#. ....
### ##...
##.####..#
#....##.# #
#<.<....####..#
#..............
###....@o#...
#.......†#
##..........
........###....
......... #..#
.(.........
...#
.#.###..... ###
.# #.....


You could see an orc.

Vanquished Creatures
  A scorpion (D:3)
  A jelly (D:4)
  2 orc wizards (D:3)
  5 adders
  3 dart slugs
  8 orcs (D:3)
  2 endoplasms
  3 giant cockroaches
  6 goblins
  4 hobgoblins
  2 jackals (D:2)
  2 quokkas
  4 ball pythons
  A bat (D:3)
  7 frilled lizards
  3 kobolds
  6 rats
60 creatures vanquished.

Vanquished Creatures (others)
  A fungus (D:3)
  3 plants (D:3)
4 creatures vanquished.

Grand Total: 64 creatures vanquished

Notes
Turn   | Place    | Note
-------+----------+-------------------------------------------
     0 | D:1      | sokol815 the Demonspawn Monk began the quest for the Orb.
     0 | D:1      | Reached XP level 1. HP: 18/18 MP: 1/1
    55 | D:1      | Reached skill level 3 in Axes
    76 | D:1      | Found Firacrug's Assorted Antiques.
   277 | D:1      | Found Cyefeoge's Weapon Emporium.
   327 | D:1      | Gained mutation: You have a small tail. [demonic ancestry]
   327 | D:1      | Reached XP level 2. HP: 19/24 MP: 2/2
   733 | D:1      | Found Ral Viy's Weapon Shoppe.
   740 | D:1      | Found Zut Jeogg's Book Boutique.
  1076 | D:2      | Reached XP level 3. HP: 29/29 MP: 3/3
  1390 | D:2      | Reached skill level 4 in Axes
  2060 | D:3      | Found a runed translucent gate.
  2061 | D:3      | Found a runed translucent gate.
  2062 | D:3      | Found a runed translucent gate.
  2062 | D:3      | Noticed a kobold brigand
  2062 | D:3      | Noticed pickled's ghost (amateur KoCK)
  2096 | D:3      | Noticed a scorpion
  2165 | D:3      | Reached XP level 4. HP: 17/35 MP: 2/4
  2398 | D:3      | Reached skill level 5 in Axes
  2694 | D:3      | Gained mutation: You are partially covered in razor-sharp
                  | scales. (AC +1, Slay +1) [demonic ancestry]
  2694 | D:3      | Reached XP level 5. HP: 40/41 MP: 5/5
  2751 | D:3      | Learned a level 2 spell: Static Discharge
  2935 | D:3      | Reached skill level 1 in Air Magic
  3136 | D:3      | Noticed Sigmund
  3281 | D:4      | HP: 8/41 [orc/+0 mace (5)]
  3282 | D:4      | Reached skill level 2 in Air Magic
  3286 | D:4      | HP: 8/41 [orc/+0 mace (1)]
  3289 | D:4      | Slain by an orc

Illustrated notes

Levels and vault maps discovered:
D:1:      minmay_arrival_five_plusses, layout_basic, serial_shops, shop, shop,
          nicolae_shop_statue_plus, shop
D:2:      layout_loops_corners, minmay_diced_spiral
D:3:      layout_basic, gammafunk_ghost_nasty_kobolds, uniq_sigmund
D:4:      layout_cave_pools

Skill      XL: |  1  2  3  4  5 |
---------------+----------------+-----
Axes           | 3 4 5 |  5.5
Air Magic      | 2 |  2.1
Fighting       | |  3.0
Dodging        | |  2.6
Stealth        | |  1.7

Action                   |  1- 3 |  4- 6 || total
-------------------------+-------+-------++-------
Melee: Hand axe          |   120 |    94 ||   214
       Tailslap          |    12 |    15 ||    27
       Punch             |       |     1 ||     1
Throw: Stone             |     3 |       ||     3
  Use: Scroll            |       |     1 ||     1
 Stab: Sleeping          |     1 |       ||     1
Armor: Ring mail         |    23 |     3 ||    26
       Leather armour    |     3 |       ||     3
       Plate armour      |       |    57 ||    57
Dodge: Dodged            |    80 |    20 ||   100

Table legend: (Time is in decaauts)
 A = Elapsed time spent in this place.
 B = Non-inter-level travel time spent in this place.
 C = Inter-level travel time spent in this place.
 D = Time resting spent in this place.
 E = Time spent auto-exploring this place.
 F = Levels seen in this place.
 G = Mean time per level.
                   A        B        C        D        E       F      G
               +--------+--------+--------+--------+--------+-----+--------+
         Total |   3307 |   3217 |     90 |    322 |   2257 |   4 |  826.8 |
       Dungeon |   3307 |   3217 |     90 |    322 |   2257 |   4 |  826.8 |
               +--------+--------+--------+--------+--------+-----+--------+

Top non-repeatable levels by time:
     D:3: 1155 daAuts
     D:2: 1129 daAuts
     D:1: 1000 daAuts
     D:4: 22 daAuts

Table legend:
 A = Kills in this place as a percentage of kills in entire the game.
 B = Kills by you in this place as a percentage of kills by you in the entire game.
 C = Kills by friends in this place as a percentage of kills by friends in the entire game.
 D = Other kills in this place as a percentage of other kills in the entire game.
 E = Experience gained in this place as a percentage of experience gained in the entire game.
 F = Experience gained in this place divided by the number of levels of this place that you have seen.
                   A       B       C       D       E      F
               +-------+-------+-------+-------+-------+----------------------
         Total | 100.0 | 100.0 |   N/A |   N/A | 100.0 |  90.2
       Dungeon | 100.0 | 100.0 |   N/A |   N/A | 100.0 |  90.2
               +-------+-------+-------+-------+-------+----------------------
